Map: Site Delta LE

Players

Subwayeatn

  • Race: Zerg Zerg
  • League: Platinum
  • Spawn Location: 11:00

skseouljah - Winner!

  • Race: Zerg Zerg
  • League: Platinum
  • Spawn Location: 5:00

VOD

Have the link to the VOD?

Description

Time

  • Played on: Oct. 27, 2023, 6:29 p.m.
  • Length: 9:18
Show
View Real Time Build Order
Export as new Build Order

Subwayeatn Zerg 

Build Orders: Pool First 

Get SALT Encoding   

  12  0:17  Spawning Pool  
  11  0:22  Drone  
  11  0:26  Drone  
  13  0:30  Drone  
  14  0:40  Overlord  
  14  1:04  Zergling x2  
  14  1:08  Hatchery  
  14  1:14  Zergling x2  
  14  1:17  Zergling x2  
  16  1:20  Zergling x2  
  17  1:26  Zergling x2  
  18  1:36  Queen  
  20  1:40  Extractor  
  20  1:42  Drone  
  20  1:49  Drone  
  17  2:20  Zergling x4  
  17  2:21  Zergling x4  
  20  2:24  Queen  
  22  2:41  Zergling x4  
  24  3:00  Drone x4  
  28  3:21  Metabolic Boost  
  28  3:24  Overlord  
  28  3:26  Overlord  
  28  3:46  Hatchery  
  26  3:54  Zergling x10  
  26  3:55  Zergling x2  
  32  3:58  Drone  
  33  4:06  Baneling Nest  
  32  4:23  Drone x4  
  36  4:24  Drone  
  37  4:34  Overlord  
  37  4:52  Baneling  
  28  5:25  Evolution Chamber  
  28  5:27  Lair  
  28  5:28  Evolution Chamber  
  24  5:29  Overlord x2  
  24  5:30  Overlord x2  
  24  5:35  Extractor  
  24  5:36  Drone x7  
  24  5:37  Extractor  
  31  5:56  Zergling x2  
  32  5:57  Zergling x4  
  32  6:07  Zergling x2  
  32  6:08  Zergling x8  
  37  6:13  Zerg Ground Armor Level 1  
  35  6:21  Zergling x6  
  35  6:22  Zergling x4  
  39  6:36  Zergling x6  
  39  6:39  Drone x3  
  45  6:52  Extractor  
  45  6:53  Spire  
  43  7:02  Zergling x8  
  43  7:06  Spine Crawler  
  46  7:24  Zergling x2  
  46  7:25  Zergling x10  
  52  7:36  Overlord  
  52  7:49  Zergling x8  
  52  7:50  Zergling x4  
  58  8:05  Mutalisk x3  
  60  8:12  Mutalisk  
  62  8:38  Mutalisk x2  
  64  8:51  Zergling x2  
  65  8:57  Baneling x6  
Show
View Real Time Build Order
Export as new Build Order

skseouljah Zerg - Winner!

Build Orders: Pool First 

Get SALT Encoding   

  12  0:00  Drone  
  13  0:08  Drone  
  14  0:18  Extractor  
  14  0:19  Drone  
  14  0:20  Extractor  
  13  0:21  Drone  
  16  0:39  Spawning Pool  
  15  0:58  Hatchery  
  15  1:01  Extractor  
  15  1:02  Drone  
  14  1:10  Overlord  
  14  1:28  Zergling x6  
  19  1:45  Drone  
  20  1:50  Drone  
  19  2:05  Drone  
  19  2:07  Queen  
  22  2:11  Queen  
  22  2:12  Drone  
  22  2:22  Drone  
  23  2:25  Zergling x4  
  25  2:30  Metabolic Boost  
  24  2:40  Zergling x2  
  24  2:41  Zergling x2  
  26  2:53  Drone x2  
  28  3:00  Overlord  
  28  3:06  Extractor, Drone  
  27  3:18  Queen  
  29  3:24  Drone x2  
  29  3:25  Drone, Roach Warren  
  31  3:28  Zergling x2  
  31  3:31  Zergling x2  
  33  3:35  Drone  
  33  3:39  Drone  
  35  3:46  Drone  
  34  3:57  Drone x2  
  34  3:59  Overlord  
  36  4:03  Lair  
  36  4:18  Roach x2  
  36  4:19  Roach  
  36  4:21  Roach  
  44  4:24  Overlord  
  44  4:42  Queen  
  44  4:43  Roach x3  
  51  4:51  Overlord  
  51  4:52  Drone  
  44  5:21  Zergling x8, Drone  
  45  5:22  Zergling x4  
  50  5:35  Roach  
  50  5:37  Roach x3  
  50  5:38  Roach x2  
  60  6:03  Overseer  
  60  6:13  Overlord  
  60  6:21  Hydralisk Den  
  59  6:26  Evolution Chamber  
  59  6:27  Drone  
  59  6:28  Drone x2, Evolution Chamber  
  59  6:30  Overlord x3  
  56  6:46  Drone  
  56  6:47  Drone x6  
  59  6:53  Hydralisk x2, Grooved Spines  
  67  7:10  Drone, Hydralisk  
  67  7:11  Hydralisk  
  72  7:16  Hydralisk x2  
  72  7:19  Hydralisk  
  78  7:40  Hydralisk x3  
  78  7:43  Drone  
  85  7:45  Drone  
  85  7:48  Drone  
  87  7:55  Hydralisk x2  
  91  8:01  Overlord  
  91  8:03  Drone  
  92  8:05  Extractor  
  92  8:08  Extractor  
  92  8:09  Muscular Augments  
  92  8:11  Drone x2  
  92  8:19  Lurker Den  
  91  8:20  Drone  
  91  8:21  Drone  
  91  8:24  Drone x3  
  91  8:25  Drone x2  
  94  8:45  Hydralisk  
  94  8:47  Hydralisk  
  94  8:48  Hydralisk  
  100  9:06  Hatchery  
Tags
 
Add a new tag
Caveats
  • Supply blocks, unpowered buildings, or Contaminate may cause inaccurate times.
  • Supply counts are checked every 10 seconds.